 Dungeon Crawl Stone Soup version 0.28.0-43-g3370ac3207 (webtiles) character file.

Game seed: 16261201799754498011

688 Ablot the Grasshopper (level 7, -1/56 HPs)
             Began as a Gnoll Warper on Mar 10, 2022.
             Was an Initiate of Fedhas.
             Slain by an orc priest
             ... wielding a +0 falchion
              (6 damage)
             ... on level 5 of the Dungeon on Mar 11, 2022.
             The game lasted 00:07:48 (5062 turns).

Ablot the Grasshopper (Gnoll Warper)                Turns: 5062, Time: 00:07:49

Health: -1/56      AC: 10    Str: 13    XL:     7   Next: 62%
Magic:  15/15      EV: 13    Int: 12    God:    Fedhas [......]
Gold:   183        SH:  0    Dex: 11    Spells: 14/17 levels left

rFire   . . .      SeeInvis .   o - +0 dagger (elec)
rCold   . . .      Faith    .   (no shield)
rNeg    . . .      Spirit   .   b - +0 leather armour
rPois   .          Reflect  .   h - +2 helmet
rElec   .          Harm     .   (no cloak)
rCorr   .          Rampage  .   (no gloves)
Will    .....                   (no boots)
Stlth   +.........              (no amulet)
HPRegen 0.18/turn               p - +4 ring of protection
MPRegen 0.14/turn               (no ring)

@: confused
A: fangs 1, strong nose, distributed training
a: Renounce Religion


You were on level 5 of the Dungeon.
You worshipped Fedhas.
Fedhas was noncommittal.
You visited 1 branch of the dungeon, and saw 5 of its levels.

You collected 183 gold pieces.

Inventory:

Hand Weapons
 a - a +0 spear
 f - a +2 dagger of venom
 o - a +0 dagger of electrocution (weapon)
 r - a +0 hunting sling
Missiles
 d - 5 boomerangs of dispersal
 e - 66 stones
 i - 39 sling bullets
 j - 21 arrows
 x - 2 silver javelins (quivered)
 y - 3 poisoned darts
 A - 5 datura-tipped darts
Armour
 b - a +0 leather armour (worn)
 h - a +2 helmet (worn)
Jewellery
 g - a ring of flight
 p - a +4 ring of protection (left hand)
Wands
 l - a wand of charming (5)
 q - a wand of mindburst (32)
Scrolls
 c - 3 scrolls of blinking
 n - 3 scrolls of teleportation {unknown}
 s - 2 scrolls of identify {unknown}
 z - a scroll of summoning {unknown}
 B - a scroll of vulnerability {unknown}
 C - a scroll of fear {unknown}
Potions
 k - a potion of brilliance {unknown}
 m - a potion of curing {unknown}
 t - a potion of degeneration {unknown}
 u - a potion of magic {unknown}
 v - a potion of might {unknown}
 w - a potion of haste {unknown}


   Skills:
 + Level 5.3 Fighting
 + Level 2.6 Short Blades
 + Level 2.6 Long Blades
 + Level 2.6 Axes
 + Level 2.6 Maces & Flails
 + Level 5.3 Polearms
 + Level 2.6 Staves
 + Level 2.6 Slings
 + Level 2.6 Bows
 + Level 2.6 Crossbows
 + Level 3.7 Throwing
 + Level 3.7 Armour
 + Level 5.3 Dodging
 + Level 2.6 Stealth
 + Level 2.6 Shields
 + Level 2.6 Unarmed Combat
 + Level 5.7 Spellcasting
 + Level 2.1 Conjurations
 + Level 2.1 Hexes
 + Level 2.1 Summonings
 + Level 2.1 Necromancy
 + Level 5.9 Translocations
 + Level 2.1 Transmutations
 + Level 2.1 Fire Magic
 + Level 2.1 Ice Magic
 + Level 2.1 Air Magic
 + Level 2.1 Earth Magic
 + Level 2.1 Poison Magic
 + Level 2.9 Invocations
 + Level 2.6 Evocations


You had 14 spell levels left.
You knew the following spells:

 Your Spells              Type           Power      Damage    Failure   Level
a - Blink                 Tloc           34%        N/A       3%          2
b - Slow                  Hex            32%        N/A       10%         1

Your spell library contained the following spells:

 Spells                   Type           Power      Damage    Failure   Level
 Apportation              Tloc           34%        N/A       1%          1
 Gell's Gravitas          Tloc           17%        N/A       6%          3
 Lesser Beckoning         Tloc           17%        N/A       6%          3
 Teleport Other           Tloc           17%        N/A       6%          3
 Animate Skeleton         Necr           16%        N/A       10%         1
 Summon Small Mammal      Summ           32%        N/A       10%         1
 Confusing Touch          Hex            8%         N/A       28%         3
 Vampiric Draining        Necr           8%         2d6       28%         3
 Manifold Assault         Tloc           17%        N/A       50%         5
 Summon Forest            Summ/Tloc      6%         N/A       77%         5
 Alistair's Intoxication  Tmut/Pois      5%         N/A       95%         5
 Borgnjor's Vile Clutch   Necr/Erth      4%         N/A       95%         5
 Summon Mana Viper        Hex/Summ       8%         N/A       95%         5
 Eringya's Noxious Bog    Tmut/Pois      4%         N/A       100%        6
 Summon Cactus Giant      Summ           4%         N/A       100%        6


Dungeon Overview and Level Annotations

Branches:
Dungeon (5/15)
 Temple: D:4-7

Altars:
Cheibriados
Fedhas
Kikubaaqudgha
Ru
Trog

Shops:
D:1 [   D:3 (


Innate Abilities, Weirdness & Mutations

You have very sharp teeth.
Your uncanny sense of smell can sniff out nearby items.
Your experience applies equally to all skills.


Message History

The hound bites you.
You hit the orc priest but do no damage.
The hound misses you. The phantom misses you.
The orc wizard closely misses you.
You hit the orc priest.
The orc priest is moderately wounded.
The hound bites you.
The orc priest calls down the wrath of Beogh upon you.
Pain shoots through your body! The phantom closely misses you.
The hound barely misses you.
You closely miss the orc priest.
The orc priest is moderately wounded.
The orc wizard gestures at you while chanting.
You are confused.
The orc priest casts a cantrip, but nothing happens.
The hound closely misses you. The phantom hits you!
* * * LOW HITPOINT WARNING * * *
An orc comes into view. It is wielding a +0 hand axe.
The orc shouts!
The hound bites you but does no damage. The orc wizard casts a spell at you.
The magic dart hits you.
* * * LOW HITPOINT WARNING * * *
The orc priest calls upon Beogh to heal the orc wizard.
The orc wizard is healed somewhat.
The phantom hits you.
* * * LOW HITPOINT WARNING * * *
The hound bites you but does no damage.
You miss the hound. Your bite misses the hound.
The phantom hits you but does no damage.
The hound completely misses you.
Unknown command.
You're too confused to move!
The hound barely misses you.
The phantom hits you but does no damage.
Unknown command.
You're too confused to move!
The hound bites you.
* * * LOW HITPOINT WARNING * * *
The orc wizard barely misses you.
The orc priest hits you with a +0 falchion.
You die...
Fedhas appreciates your contribution to the ecosystem.

#.....# #....# ## #. #.....#
#....# .# .# #..#.....# #....#
^#..# . #..#.....# #....# .#.. ..
#..'.....#####....# ##.#
...#+##..............####
##.#######.............<.....#..#
.........#.....hWo...........#..#
.........#.....o@............#..#
.........#......o............'..#
#..##....#.....#####.........#..#
#.<###'#########...#.........#..#
....'..........'...'.........#..#
>...#.........######.........#..#
...#########..#..............#..#
#####.....#####.....#####....#..#
....#>....#.........'...#....#..#


You could see a phantom, a hound, an orc priest, an orc wizard and an orc.

Vanquished Creatures
  Grinder (D:5)
  An ogre (D:4)
  A phantom (D:4)
  The ghost of weresquid the Sneak, a weakling DjDe of Makhleb (D:4)
  A hound (D:5)
  An orc wizard (D:3)
  An iguana (D:4)
  A hound skeleton (D:4)
  Robin (D:4)
  A howler monkey skeleton (D:5)
  8 adders
  A white imp (D:5)
  An ufetubus (D:4)
  An adder skeleton (D:4)
  3 dart slugs
  5 orcs (D:3)
  10 endoplasms
  6 giant cockroaches
  9 goblins
  7 hobgoblins
  4 quokkas
  5 ball pythons
  4 bats
  6 frilled lizards
  4 kobolds
  4 rats (D:2)
88 creatures vanquished.

Notes
Turn   | Place    | Note
-------+----------+-------------------------------------------
     0 | D:1      | Ablot the Gnoll Warper began the quest for the Orb.
     0 | D:1      | Reached XP level 1. HP: 20/20 MP: 6/6
   617 | D:1      | Found Coawuceg's Armour Shoppe.
   628 | D:1      | Reached XP level 2. HP: 22/26 MP: 7/7
   631 | D:1      | Learned a level 2 spell: Blink
  1123 | D:2      | Reached XP level 3. HP: 17/31 MP: 9/9
  1410 | D:2      | Reached skill level 5 in Spellcasting
  1624 | D:2      | Reached skill level 1 in Invocations
  1869 | D:2      | Reached skill level 1 in Short Blades
  1869 | D:2      | Reached skill level 1 in Long Blades
  1869 | D:2      | Reached skill level 1 in Axes
  1869 | D:2      | Reached skill level 1 in Maces & Flails
  1869 | D:2      | Reached skill level 1 in Staves
  1869 | D:2      | Reached skill level 1 in Slings
  1869 | D:2      | Reached skill level 1 in Bows
  1869 | D:2      | Reached skill level 1 in Crossbows
  1869 | D:2      | Reached skill level 1 in Stealth
  1869 | D:2      | Reached skill level 1 in Shields
  1869 | D:2      | Reached skill level 1 in Unarmed Combat
  1869 | D:2      | Reached skill level 1 in Evocations
  1996 | D:2      | Reached XP level 4. HP: 38/38 MP: 11/11
  2634 | D:3      | Reached skill level 1 in Conjurations
  2634 | D:3      | Reached skill level 1 in Hexes
  2634 | D:3      | Reached skill level 1 in Summonings
  2634 | D:3      | Reached skill level 1 in Necromancy
  2634 | D:3      | Reached skill level 1 in Transmutations
  2634 | D:3      | Reached skill level 1 in Fire Magic
  2634 | D:3      | Reached skill level 1 in Ice Magic
  2634 | D:3      | Reached skill level 1 in Air Magic
  2634 | D:3      | Reached skill level 1 in Earth Magic
  2634 | D:3      | Reached skill level 1 in Poison Magic
  2809 | D:3      | Found Vavas's Weapon Emporium.
  2878 | D:3      | Reached XP level 5. HP: 32/43 MP: 12/12
  3018 | D:3      | Found a sacrificial altar of Ru.
  3289 | D:4      | Noticed an ogre
  3393 | D:4      | Found a runed translucent gate.
  3393 | D:4      | Found a runed translucent gate.
  3395 | D:4      | Found a runed translucent gate.
  3591 | D:4      | Noticed Robin
  3615 | D:4      | Killed Robin
  3723 | D:4      | Noticed a phantom
  3745 | D:4      | Killed a phantom
  3746 | D:4      | Reached XP level 6. HP: 50/50 MP: 14/14
  3840 | D:4      | Noticed weresquid's ghost (weakling DjDe)
  3875 | D:4      | Reached skill level 5 in Fighting
  3875 | D:4      | Reached skill level 5 in Polearms
  3875 | D:4      | Reached skill level 5 in Dodging
  4055 | D:4      | Killed weresquid's ghost
  4224 | D:4      | Found a snail-covered altar of Cheibriados.
  4238 | D:4      | Reached XP level 7. HP: 50/56 MP: 15/15
  4259 | D:4      | Learned a level 1 spell: Slow
  4319 | D:5      | Entered Level 5 of the Dungeon
  4745 | D:5      | Found an ancient bone altar of Kikubaaqudgha.
  4745 | D:5      | Found a blossoming altar of Fedhas.
  4746 | D:5      | Found a bloodstained altar of Trog.
  4753 | D:5      | Became a worshipper of Fedhas Madash
  4886 | D:5      | Noticed Grinder
  4890 | D:5      | Killed Grinder
  5062 | D:5      | Slain by an orc priest

Illustrated notes

Levels and vault maps discovered:
D:1:      denvon_arrival_planthouse, layout_basic, serial_shops, shop
D:2:      layout_basic, chequers_serial_rivers_small_a, grunt_decor_junction
D:3:      layout_basic, nicolae_ru_path_of_blood, serial_shops,
          nicolae_shop_behind_doors
D:4:      layout_rooms, kennysheep_slug_shrine, gammafunk_ghost_split,
          uniq_robin
D:5:      layout_gridville, chequers_temple_overflow_statue_of_worship,
          mainiacjoe_overflow_alcove_4, uniq_grinder

Skill      XL: |  1  2  3  4  5  6  7 |
---------------+----------------------+-----
Spellcasting   | 5 |  5.7
Invocations    | 1 2 |  2.9
Short Blades   | 1 2 |  2.6
Long Blades    | 1 2 |  2.6
Axes           | 1 2 |  2.6
Maces & Flails | 1 2 |  2.6
Staves         | 1 2 |  2.6
Slings         | 1 2 |  2.6
Bows           | 1 2 |  2.6
Crossbows      | 1 2 |  2.6
Stealth        | 1 2 |  2.6
Shields        | 1 2 |  2.6
Unarmed Combat | 1 2 |  2.6
Evocations     | 1 2 |  2.6
Conjurations   | 1 2 |  2.1
Hexes          | 1 2 |  2.1
Summonings     | 1 2 |  2.1
Necromancy     | 1 2 |  2.1
Transmutations | 1 2 |  2.1
Fire Magic     | 1 2 |  2.1
Ice Magic      | 1 2 |  2.1
Air Magic      | 1 2 |  2.1
Earth Magic    | 1 2 |  2.1
Poison Magic   | 1 2 |  2.1
Throwing       | 3 |  3.7
Armour         | 3 |  3.7
Fighting       | 5 |  5.3
Polearms       | 5 |  5.3
Dodging        | 5 |  5.3
Translocations | |  5.9

Action                   |  1- 3 |  4- 6 |  7- 9 || total
-------------------------+-------+-------+-------++-------
Melee: Spear             |    13 |       |       ||    13
       Dagger            |    67 |   177 |    57 ||   301
       Bite              |     6 |    19 |     7 ||    32
       Punch             |       |     3 |     1 ||     4
Throw: Javelin           |       |     6 |     2 ||     8
Evoke: Wand              |       |     2 |     2 ||     4
 Stab: Sleeping          |     1 |     2 |       ||     3
Armor: Leather armour    |    23 |    53 |    27 ||   103
Dodge: Dodged            |    43 |    96 |    50 ||   189
